[Event "Late-Titled-Tuesday-Blitz-October-03-2023"]
[Site "Chess.com"]
[Date "2023.10.03"]
[Round "5"]
[White "NMJeevanK"]
[Black "Alexei_Gubajdullin"]
[Result "1-0"]
[WhiteElo "2562"]
[BlackElo "2753"]
[TimeControl "180+1"]
[EndTime "14:53:42 PDT"]
[Termination "NMJeevanK won by checkmate"]

1. e4 g6 2. d4 Bg7 3. Nc3 d6 4. Be3 a6 5. g4 b5 6. Bg2 Bb7 7. h4 h5 8. gxh5 Rxh5 9. Bf3 Rh8 10. h5 gxh5 11. e5 Qc8 12. Rxh5 Rxh5 13. Bxb7 Qxb7 14. Qxh5 e6 15. Nf3 Nc6 16. Ng5 Nd8 17. Qh7 Kf8 18.
O-O-O Qg2 19. f3 b4 20. Rg1 Qxg1+ 21. Bxg1 bxc3 22. bxc3 Rb8 23. f4 Bh6 24. Be3 Rb5 25. f5 exf5 26. c4 Ra5 27. Qh8 dxe5 28. Nh7+ Ke7 29. Bxh6 Nxh6 30. Qf6+ Ke8 31. Qxh6 e4 32.
c5 Kd7 33. Nf6+ Kc8 34. Nd5 Ne6 35. Qf6 e3 36. Qxf7 Nxd4 37. Qxc7# 1-0

[Event "Late-Titled-Tuesday-Blitz-October-03-2023"]
[Site "Chess.com"]
[Date "2023.10.03"]
[Round "5"]
[White "Inepton_Fermion"]
[Black "carokannlover213"]
[Result "1-0"]
[WhiteElo "2422"]
[BlackElo "2720"]
[TimeControl "180+1"]
[EndTime "14:53:42 PDT"]
[Termination "Inepton_Fermion won by checkmate"]

1. Nf3 d5 2. b3 Bg4 3. Bb2 Nd7 4. d3 Bxf3 5. exf3 e5 6. g3 Bb4+ 7. Nd2 Ngf6 8. Bg2 O-O 9. O-O Re8 10. Re1 c6 11. a3 Bc5 12. b4 Bb6 13. Nb3 a5 14. bxa5 Bxa5 15. Nxa5 Qxa5 16. Qc1 h6 17. Bh3 Qc7 18. Qd2 Nb6 19. Rab1 Na4 20. Ba1 b5 21. Re2 Nc5 22. Rbe1 d4 23. f4 exf4 24. Bxd4 Rxe2 25. Rxe2 Qd6 26. Be5 Qd5 27. Qxf4 Rxa3 28. Bg2 Qe6 29. Bf3 Nd5 30. Qd4 Nd7 31. Bxg7 Qg6 32. Re8+ Kh7 33. Rh8# 1-0

[Event "Late-Titled-Tuesday-Blitz-October-03-2023"]
[Site "Chess.com"]
[Date "2023.10.03"]
[Round "5"]
[White "RIPOL"]
[Black "Danishcrown"]
[Result "1-0"]
[WhiteElo "2436"]
[BlackElo "2148"]
[TimeControl "180+1"]
[EndTime "14:53:43 PDT"]
[Termination "RIPOL won on time"]

1. d4 Nf6 2. Bg5 h6 3. Bxf6 exf6 4. e3 d5 5. c4 Bb4+ 6. Nc3 O-O 7. cxd5 Qxd5 8. Ne2 c5 9. a3 Bxc3+ 10. Nxc3 Qc6 11. dxc5 Qxc5 12. Qd4 Qxd4 13. exd4 Re8+ 14. Be2 Nc6 15. Rd1 Bf5 16. O-O Rad8 17. Bb5 Bd7 18. Rd2 a6 19.
Ba4 b5 20. Bb3 Bf5 21. d5 Na5 22. Ba2 Nb7 23. Rfd1 Nd6 24. f3 Kf8 25. Ne2 Bd7 26.
Nd4 Rc8 27. Kf2 Rc5 28. Ne2 Rec8 29. Ng3 f5 30. h4 Rc1 31. Rxc1 Rxc1 32. Ne2 Rc5 33.
b4 Rc8 34. Nd4 Ke7 35. Nb3 Rc3 36. Re2+ Kd8 37. Nc5 Bc8 38. Re3 Rc2+ 39. Re2 Rc3 40. Bb3 Nb7 41. Nxa6 Rxb3 42. Nb8 1-0

[Event "Late-Titled-Tuesday-Blitz-October-03-2023"]
[Site "Chess.com"]
[Date "2023.10.03"]
[Round "5"]
[White "stolencandy13"]
[Black "chessmoo"]
[Result "0-1"]
[WhiteElo "2567"]
[BlackElo "2468"]
[TimeControl "180+1"]
[EndTime "14:53:44 PDT"]
[Termination "chessmoo won on time"]

1. d4 d5 2. Bf4 c5 3. e3 Nc6 4. c3 Qb6 5. Qb3 c4 6. Qxb6 axb6 7.
a3 Nf6 8. Nd2 Bf5 9. Ngf3 e6 10.
Be2 b5 11. Rc1 Be7 12. O-O O-O 13. h3 h6 14. Ne5 Nxe5 15. dxe5 Nd7 16. Nf3 Bc5 17.
Rfd1 Nb6 18. Nd4 Bxd4 19. Rxd4 Na4 20. Rd2 Nc5 21. f3 Nb3 22. Rcd1 Nxd2 23. Rxd2 Rfd8 24. Kf2 b4 25. axb4 Ra1 26. e4 Bh7 27. Bxc4 Rc8 28.
Bd3 dxe4 29. Bxe4 Bxe4 30. fxe4 g5 31. Be3 Rc7 32. b5 b6 33. Bxb6 Rb7 34. Bc5 Rxb5 35. b4 Rc1 36. Rd3 Rc2+ 37. Kf3 Kh7 38. g3 Kg6 39. g4 Rb7 40. Kg3 Rc1 41. Rf3 Rd7 42.
Bd6 Kg7 43. Rd3 Rc2 0-1

[Event "Late-Titled-Tuesday-Blitz-October-03-2023"]
[Site "Chess.com"]
[Date "2023.10.03"]
[Round "5"]
[White "akretchetov"]
[Black "KafkaesqueKnight"]
[Result "1/2-1/2"]
[WhiteElo "2510"]
[BlackElo "2345"]
[TimeControl "180+1"]
[EndTime "14:53:44 PDT"]
[Termination "Game drawn by repetition"]

1. Nf3 Nf6 2. c4 g6 3. Nc3 Bg7 4. e4 O-O 5. d4 d6 6. Be2 e5 7. d5 a5 8. Bg5 h6 9. Bh4 Na6 10. Nd2 Nc5 11. f3 Bd7 12. Bf2 c6 13. O-O Nh5 14. Re1 Nf4 15. Nf1 Qe7 16. Be3 f5 17. exf5 gxf5 18. Ng3 Nxe2+ 19. Ngxe2 Na6 20. f4 Rad8 21.
Qd2 Kh7 22. Rad1 c5 23. Ng3 e4 24. a3 Qh4 25. Qe2 Be8 26. Qf2 Nc7 27. Ngxe4 Qxf2+ 28. Nxf2 b6 29. Bd2 Bh5 30. Rc1 Rde8 31. Kf1 Bd4 32. a4 Kg7 33. b3 Kf7 34. Ne2 Bb2 35. Rb1 Bf6 36. Ng3 Bg6 37. Nd1 Bd4 38. Ne3 Kf6 39. Nc2 Na6 40. Nxd4 cxd4 41. Rbd1 Nc5 42. Rb1 Nd3 43.
Rxe8 Rxe8 44. Ne2 Re4 45. Ng3 Re8 46. Rd1 Nc5 47. Rb1 Nd3 1/2-1/2

[Event "Late-Titled-Tuesday-Blitz-October-03-2023"]
[Site "Chess.com"]
[Date "2023.10.03"]
[Round "5"]
[White "K_alena13"]
[Black "NovikovaGalina"]
[Result "0-1"]
[WhiteElo "2105"]
[BlackElo "2433"]
[TimeControl "180+1"]
[EndTime "14:53:44 PDT"]
[Termination "NovikovaGalina won on time"]

1. Nf3 e6 2. c4 f5 3. Nc3 Nf6 4.
g3 d6 5. Bg2 e5 6. d3 Be7 7. O-O O-O 8. e4 Nc6 9. Bg5 Qe8 10. Bxf6 Bxf6 11. Nd5 Bd8 12. Re1 f4 13. d4 fxg3 14. fxg3 Bg4 15. dxe5 Nxe5 16. Rf1 c6 17. Nf4 Bb6+ 18. Kh1 Nxf3 19. Bxf3 Bxf3+ 20. Qxf3 Kh8 21. Qd3 Qe5 22. Rae1 Rad8 23. Qe2 Rfe8 24. Qg4 Kg8 25. b3 Ba5 26. Re2 Bc3 27. Nh5 Rf8 28.
Ref2 Rxf2 29. Rxf2 Qe7 30. Qf5 Be5 31. Kg2 g6 32.
Qg4 Kh8 33. Nf4 Re8 34. Nh3 Bg7 35. Re2 d5 36. cxd5 cxd5 37. Ng5 h6 38. Qh4 Qxg5 39. Qxg5 hxg5 0-1

[Event "Late-Titled-Tuesday-Blitz-October-03-2023"]
[Site "Chess.com"]
[Date "2023.10.03"]
[Round "5"]
[White "StarkyNZ"]
[Black "TheoSlade"]
[Result "1/2-1/2"]
[WhiteElo "2324"]
[BlackElo "2508"]
[TimeControl "180+1"]
[EndTime "14:53:47 PDT"]
[Termination "Game drawn - insufficient material"]

1. c4 e6 2. d4 d5 3. Nc3 a6 4.
cxd5 exd5 5. Bf4 Nf6 6. Nf3 c5 7. e3 c4 8. Bg5 Be7 9. g3 O-O 10. Bg2 Be6 11. O-O h6 12. Bxf6 Bxf6 13. e4 dxe4 14.
Nxe4 Bd5 15. Ne5 Bxe5 16. dxe5 Bxe4 17. Bxe4 Qe7 18. f4 Nc6 19. Bxc6 Qc5+ 20. Kg2 Qxc6+ 21. Qf3 Qxf3+ 22. Kxf3 Rfd8 23. Rfd1 Kf8 24. Ke4 Ke7 25. a4 g6 26. Rac1 b5 27. g4 Rab8 28. axb5 Rxd1 29. Rxd1 Rxb5 30. Rd2 Rb4 31. Kd5 c3 32. bxc3 Rxf4 33.
Ra2 Rxg4 34. Rxa6 Rg2 35. Ra7+ Ke8 36. Ra8+ Ke7 37. Ra7+ Kf8 38. e6 fxe6+ 39. Kxe6 g5 40. Kf6 Ke8 41. h4 gxh4 42. Ra4 h3 43. Rh4 h2 44. Rxh6 Kd7 45. Kf5 Rc2 46. Ke4 Rxc3 47. Rxh2 Rc5 48. Rh7+ Ke6 49. Rh6+ Kf7 50. Rh7+ Kg6 51.
Rd7 Rc4+ 52. Rd4 Rc5 53. Rd5 Rc6 54. Ke5 Rf6 55. Rd6 Rxd6 56. Kxd6 1/2-1/2

[Event "Late-Titled-Tuesday-Blitz-October-03-2023"]
[Site "Chess.com"]
[Date "2023.10.03"]
[Round "5"]
[White "Caisachess"]
[Black "tdf98pantani"]
[Result "0-1"]
[WhiteElo "2427"]
[BlackElo "2689"]
[TimeControl "180+1"]
[EndTime "14:53:49 PDT"]
[Termination "tdf98pantani won by checkmate"]

1. e4 d6 2. d4 Nf6 3. Nc3 g6 4. Nf3 Bg7 5. Be2 O-O 6. O-O a6 7. a4 Nc6 8. a5 Bg4 9. h3 Bxf3 10. Bxf3 e5 11. d5 Nd4 12. Be3 Nd7 13. Be2 Nc5 14. b4 Nd7 15. Bc4 f5 16. f3 Qh4 17. Bf2 Qh5 18. Ne2 Nxe2+ 19. Qxe2 Bh6 20. Bd3 Nf6 21. Rfe1 Qg5 22. c4 Nh5 23. Kh1 Ng3+ 24. Bxg3 Qxg3 25.
Kg1 Bf4 26. Qf1 Qh2+ 27. Kf2 Bg3+ 28. Ke2 Bxe1 29. Rxe1 fxe4 30. Bxe4 b6 31. Ra1 Rfb8 32. axb6 Rxb6 33. b5 Rab8 34. Rxa6 Rxa6 35. bxa6 Rb2+ 36.
Kd3 Qf4 37. Qe1 Ra2 38. Qb4 Qc1 39. Qb8+ Kg7 40. Qxc7+ Kh6 41. c5 Qc2+ 42. Ke3 Qd2# 0-1

[Event "Late-Titled-Tuesday-Blitz-October-03-2023"]
[Site "Chess.com"]
[Date "2023.10.03"]
[Round "5"]
[White "mfwagnerpeixoto"]
[Black "FERNANDEZL1983"]
[Result "0-1"]
[WhiteElo "2329"]
[BlackElo "2612"]
[TimeControl "180+1"]
[EndTime "14:53:49 PDT"]
[Termination "FERNANDEZL1983 won on time"]

1. e4 c5 2. Nf3 a6 3. g3 b5 4. Bg2 Bb7 5. d3 d6 6. O-O Nf6 7. a4 Nbd7 8. Re1 e5 9. c3 g6 10. Na3 Bc6 11. axb5 axb5 12. Qb3 Rb8 13. Ng5 Qe7 14.
f4 h6 15. Nf3 Bg7 16. Nh4 b4 17. cxb4 Rxb4 18. Qc2 O-O 19. Nc4 exf4 20. Bxf4 Ng4 21. h3 Bd4+ 22. Kh1 Nge5 23. Bxh6 Nxc4 24. Bxf8 Nxf8 25.
dxc4 Rxb2 26. Qd1 Qg5 27. Qg4 Qxg4 28. hxg4 Be5 29. Ra3 Ne6 30. Kh2 Kg7 31. Nf3 Bf6 32.
Ra6 Nd8 33. g5 Be7 34. Kg1 Bb7 35. Ra7 Ne6 36. e5 Nxg5 37. Rxb7 Rxb7 38. Nxg5 Rb3 39. Ne4 dxe5 40. Rd1 f5 41. Nd6 e4 42. Nb5 Rxg3 43. Rd7 Kf6 44. Kf2 Rb3 45. Rb7 Rb2+ 46. Kg1 g5 47.
Rb6+ Ke5 48. Bf1 Kf4 49. Re6 Bd8 50. Nd6 g4 51. Re8 Bf6 52. Nf7 Bd4+ 53. Kh1 Kg3 0-1

[Event "Late-Titled-Tuesday-Blitz-October-03-2023"]
[Site "Chess.com"]
[Date "2023.10.03"]
[Round "5"]
[White "DucksParadise"]
[Black "Ducke13"]
[Result "1-0"]
[WhiteElo "2651"]
[BlackElo "2482"]
[TimeControl "180+1"]
[EndTime "14:53:53 PDT"]
[Termination "DucksParadise won on time"]

1. d4 Nf6 2. c4 g6 3. Nc3 Bg7 4. e4 d6 5. Be2 O-O 6. Be3 Nc6 7. d5 Ne5 8. f4 Neg4 9. Bd2 Nh6 10. Nf3 e5 11. dxe6 Bxe6 12. O-O Qd7 13. h3 Rae8 14. Bd3 Bxh3 15. gxh3 Qxh3 16. Rf2 Nfg4 17. Rg2 f5 18. exf5 Nxf5 19. Bxf5 gxf5 20. Be1 Rxe1+ 21. Nxe1 Re8 22.
Qd5+ Kh8 23. Nf3 Re3 24. Ng5 Qh5 25. Nf7+ Kg8 26. Nh6+ Kf8 27. Qg8+ Ke7 28. Qxg7+ Kd8 29. Nxg4 fxg4 30. Rf1 Qc5 31. Kh1 Rh3+ 32. Rh2 Qe3 33. Qg8+ Kd7 34. Qxg4+ Kc6 35. Qxh3 1-0

[Event "Late-Titled-Tuesday-Blitz-October-03-2023"]
[Site "Chess.com"]
[Date "2023.10.03"]
[Round "5"]
[White "Grossboss19"]
[Black "ARTHURMOTIVATOR"]
[Result "1-0"]
[WhiteElo "2523"]
[BlackElo "2336"]
[TimeControl "180+1"]
[EndTime "14:53:57 PDT"]
[Termination "Grossboss19 won by resignation"]

1. e4 e5 2. Nf3 Nc6 3. Nc3 Nf6 4. Bd3 Bc5 5. O-O O-O 6. a3 a6 7. b4 Ba7 8. Bb2 d6 9. h3 Ne7 10. Ne2 Ng6 11. c4 Nh5 12. Bc2 Ngf4 13. Nxf4 Nxf4 14. d4 exd4 15. Bxd4 Bxd4 16. Nxd4 Qg5 17. g3 Nxh3+ 18. Kh2 Qh6 19. Kg2 Nf4+ 20. gxf4 Bh3+ 21.
Kf3 f5 22. Nxf5 Rxf5 23. exf5 Re8 24. Rg1 Qf6 25. Kg3 Qh6 26. Rh1 Qf6 27. Rxh3 h6 28. Qd5+ Kh8 29. Kg2 Qxa1 30. f6 Qxf6 31. Qd3 Kg8 32.
Qh7+ Kf7 33. Rg3 Rg8 34. Bg6+ Kf8 35. Re3 Qd8 36. Re8+ Qxe8 37. Bxe8 c6 38. Bd7 d5 39.
Be6 Ke7 40. Qxg8 Kf6 41. cxd5 1-0

[Event "Late-Titled-Tuesday-Blitz-October-03-2023"]
[Site "Chess.com"]
[Date "2023.10.03"]
[Round "5"]
[White "GlavkonVVS"]
[Black "MathiasCasalaspro"]
[Result "0-1"]
[WhiteElo "2575"]
[BlackElo "2351"]
[TimeControl "180+1"]
[EndTime "14:53:57 PDT"]
[Termination "MathiasCasalaspro won by checkmate"]

1. c4 Nf6 2. Nc3 g6 3. g3 Bg7 4. Bg2 O-O 5. e3 d6 6. Nge2 Nbd7 7. d4 c5 8. O-O a6 9. a3 Rb8 10. b4 b5 11. cxb5 axb5 12. Rb1 c4 13. a4 bxa4 14. Nxa4 Nb6 15. Nxb6 Qxb6 16. Nc3 Rd8 17. e4 Bb7 18. d5 Nd7 19. Be3 Qc7 20. Nb5 Qc8 21. Na7 Qc7 22.
b5 Nc5 23. Nc6 Bxc6 24. bxc6 Rxb1 25. Qxb1 Rb8 26. Qc2 c3 27. Rb1 Rb2 28. Rxb2 cxb2 29. Bxc5 dxc5 30. Bf1 Qb6 31. Bd3 Be5 32. Kg2 Bc7 33. Qb1 Qb4 34. Bc2 c4 35. Qd1 c3 36. h4 Qa3 37. Qd3 Qa1 38. Bb1 Qa3 39. h5 Bb6 40. hxg6 hxg6 41. e5 Qc5 42. f4 Qf2+ 43.
Kh3 Qg1 44. Qe4 Qf1+ 45. Kh4 Bd8 46. e6 f5 47. Qd3 Qh1+ 48. Kg5 Qh5# 0-1

[Event "Late-Titled-Tuesday-Blitz-October-03-2023"]
[Site "Chess.com"]
[Date "2023.10.03"]
[Round "5"]
[White "EsmeraldasAnderson03"]
[Black "campochess"]
[Result "0-1"]
[WhiteElo "2426"]
[BlackElo "2148"]
[TimeControl "180+1"]
[EndTime "14:53:57 PDT"]
[Termination "campochess won by checkmate"]

1. d4 Nf6 2. c4 g6 3. Nc3 d5 4. cxd5 Nxd5 5. e4 Nxc3 6. bxc3 Bg7 7. Bc4 c5 8. Ne2 O-O 9. O-O Qc7 10. Qd3 Nc6 11. Be3 Na5 12. Bb3 c4 13. Qd1 cxb3 14.
axb3 b6 15. c4 Nb7 16. Ra3 Rd8 17. Qc2 Nd6 18. Rfa1 a5 19. f3 Nb5 20. d5 Nxa3 21.
Rxa3 Be5 22. g3 Bd6 23. Ra2 Bc5 24. Nd4 Bd7 25. Qd3 a4 26. Bf4 Bxd4+ 27. Qxd4 Qc5 28.
Be3 Qxd4 29. Bxd4 axb3 30. Rb2 b5 31. c5 Ra2 32. Rxb3 Rda8 33. c6 Bc8 34. Rxb5 Rd2 35.
Bb2 Rc2 36. Bd4 Bh3 37. g4 Rg2+ 38. Kh1 Rd2 39. Bc3 Rc2 40. Bd4 Bg2+ 41. Kg1 Bxf3 42.
Be5 Bxg4 43. c7 Rc8 44. Rb8 f6 45. Bg3 Kf7 46. Kf1 Ke8 47. Ke1 Kd7 48. h3 Bf3 49. Rb3 Bxe4 50. Re3 f5 51. Kd1 R2xc7 52. Bxc7 Rxc7 53.
Ra3 Kd6 54. Kd2 Kxd5 55. Ke3 e5 56. Ra5+ Rc5 57. Ra7 f4+ 58. Kd2 Rc2+ 59. Kd1 Rh2 60. Rxh7 Bd3 61. h4 Ke4 62. Ke1 Ke3 63. Kd1 Rh1# 0-1

[Event "Late-Titled-Tuesday-Blitz-October-03-2023"]
[Site "Chess.com"]
[Date "2023.10.03"]
[Round "5"]
[White "pedromartinez91"]
[Black "Vegan4future"]
[Result "1-0"]
[WhiteElo "2556"]
[BlackElo "2406"]
[TimeControl "180+1"]
[EndTime "14:53:58 PDT"]
[Termination "pedromartinez91 won by resignation"]

1. d4 d5 2. c4 c6 3. cxd5 cxd5 4. Nc3 Nf6 5. Bf4 Nc6 6. e3 a6 7. Bd3 Bg4 8. Qb3 Na5 9. Qa4+ Bd7 10. Qc2 Rc8 11. Nf3 g6 12. Ne5 Bg7 13. O-O O-O 14.
Qe2 Be6 15. h3 Nd7 16. Nf3 Nc4 17. Rfc1 b5 18. b3 Na5 19. Ng5 Qb6 20. Rab1 h6 21. Nxe6 Qxe6 22. a4 b4 23. Na2 Rxc1+ 24. Rxc1 Nxb3 25.
Rb1 Na5 26. Nxb4 g5 27. Bc7 Nc4 28. Nxd5 Na3 29. Ra1 Qxd5 30. Rxa3 Qc6 31. Qc2 Qxc2 32. Bxc2 Rc8 33. Rc3 Nb6 34. Bb3 e6 35. a5 Nd7 36.
Rc2 Bf8 37. Bb6 Rxc2 38. Bxc2 Bb4 39. Bc7 e5 40. Bd3 exd4 41. Bxa6 dxe3 42. fxe3 Nc5 43. Bc4 Bd2 44. Kf2 Kg7 45. a6 Nxa6 46. Bxa6 Kg6 47. Bd3+ f5 48. g4 1-0

[Event "Late-Titled-Tuesday-Blitz-October-03-2023"]
[Site "Chess.com"]
[Date "2023.10.03"]
[Round "5"]
[White "Byniolus"]
[Black "ArmanGhevondyanchess"]
[Result "1-0"]
[WhiteElo "2760"]
[BlackElo "2557"]
[TimeControl "180+1"]
[EndTime "14:53:59 PDT"]
[Termination "Byniolus won by resignation"]

1. d4 Nf6 2. Nf3 g6 3. Bf4 Bg7 4. e3 O-O 5. Be2 d5 6. O-O c5 7. c3 Nc6 8. Nbd2 Nd7 9. Nb3 b6 10. h3 Bb7 11. Bh2 e5 12. a4 c4 13. Nbd2 e4 14.
Ne1 f5 15. b3 cxb3 16. Nxb3 g5 17. c4 f4 18. cxd5 Ne7 19. d6 Ng6 20. a5 f3 21.
Bc4+ Kh8 22. a6 Bc8 23. Bd5 Rb8 24. Bxe4 fxg2 25. Bxg2 Nh4 26. Nf3 Nxg2 27. Kxg2 g4 28. hxg4 Nf6 29. Ne5 Ne4 30. Nc6 Qh4 31. Bg3 Qg5 32.
f3 Nxg3 33. Kxg3 Bf6 34. Nxb8 Qh4+ 35. Kg2 Rg8 36. Rh1 Qg5 37. Qd3 h6 38. Rag1 Bxg4 39.
Kf2 Qh4+ 40. Rxh4 Bxh4+ 41. Ke2 Bxf3+ 42. Kxf3 Rxg1 43. d7 Rg3+ 44. Ke4 Kg7 45. Nc6 Rg4+ 46. Kd5 Rg5+ 47. Ne5 Rg1 48. Qe4 Bd8 49. Nc6 Rg5+ 50.
Qe5+ Rxe5+ 51. dxe5 Bc7 52. e6 h5 53. e7 h4 54. e8=Q h3 55. Qh5 1-0

[Event "Late-Titled-Tuesday-Blitz-October-03-2023"]
[Site "Chess.com"]
[Date "2023.10.03"]
[Round "5"]
[White "gabduschew"]
[Black "HajiyevKanan"]
[Result "1/2-1/2"]
[WhiteElo "2411"]
[BlackElo "2541"]
[TimeControl "180+1"]
[EndTime "14:53:59 PDT"]
[Termination "Game drawn by repetition"]

1. b3 c6 2. Bb2 d5 3. e3 Nf6 4. f4 g6 5. Nf3 Bg7 6. Be2 Bg4 7. O-O a5 8. a3 a4 9. b4 Nbd7 10. h3 Bxf3 11. Bxf3 Qb6 12. Bd4 Qc7 13.
d3 O-O 14. Nd2 b6 15. c4 e5 16. fxe5 Nxe5 17. cxd5 Nxd5 18. Bxd5 cxd5 19. Rc1 Qd6 20. Qe2 Rac8 21. Nb1 Rfe8 22. Nc3 Qd7 23. Qd1 b5 24. Bxe5 Rxe5 25. d4 Rxe3 26. Ne2 Rxa3 27. Rc5 Rxc5 28. dxc5 Rb3 29. Qd2 d4 30. Nc1 Re3 31. Nd3 h5 32. Qc2 f5 33. c6 Qc7 34. Nf4 Kh7 35. Nxh5 gxh5 36. Qxf5+ Kh8 37. Qxh5+ Kg8 38. Qd5+ Kh8 39. Qh5+ Kg8 40. Qd5+ Kh8 41. Qh5+ 1/2-1/2

[Event "Late-Titled-Tuesday-Blitz-October-03-2023"]
[Site "Chess.com"]
[Date "2023.10.03"]
[Round "5"]
[White "adricalderon8"]
[Black "valemava"]
[Result "1/2-1/2"]
[WhiteElo "2501"]
[BlackElo "2299"]
[TimeControl "180+1"]
[EndTime "14:54:00 PDT"]
[Termination "Game drawn by repetition"]

1. d4 c6 2. e4 g6 3. h4 d5 4. Nc3 h5 5. Be3 Bg7 6. Bd3 a6 7. Nf3 Bg4 8. Qd2 Bxf3 9. gxf3 e6 10. O-O-O b5 11. f4 dxe4 12. Bxe4 Ne7 13. Kb1 Nd7 14. Rhg1 Rc8 15. Bf3 Nb6 16. Ne4 Nc4 17. Qe2 Nd5 18.
b3 Nd6 19. Kb2 a5 20. Nc5 b4 21. Bxd5 cxd5 22. f5 Nxf5 23. Qb5+ Kf8 24. Rxg6 Kg8 25. Rgg1 Qxh4 26. Bg5 Qxf2 27. Bf6 Rh7 28. Qd7 Rf8 29.
Kb1 Ne3 30. Rc1 Ng4 31. Bxg7 Rxg7 32. Rh1 Qxd4 33. Qe7 Nf6 34. Rcf1 Re8 35. Qxf6 Qxc5 36. Rxh5 Qc3 37. Qh6 Kf8 38. Rg5 Rc8 39. Qh8+ Ke7 40. Qxg7 Qxc2+ 41. Ka1 Qd3 42. Rxf7+ Kd6 43. Qe5+ Kc5 44.
Rd7 Qd1+ 45. Kb2 Qd2+ 46. Kb1 Qd1+ 47. Kb2 Qd2+ 48. Kb1 Qd1+ 49. Kb2 1/2-1/2

[Event "Late-Titled-Tuesday-Blitz-October-03-2023"]
[Site "Chess.com"]
[Date "2023.10.03"]
[Round "5"]
[White "ferrufino64"]
[Black "leoduarte"]
[Result "0-1"]
[WhiteElo "2229"]
[BlackElo "2441"]
[TimeControl "180+1"]
[EndTime "14:54:00 PDT"]
[Termination "leoduarte won by resignation"]

1. e4 c5 2. Nf3 e6 3. d4 cxd4 4. Nxd4 Nf6 5. Nc3 Nc6 6. a3 d5 7.
Bb5 Bd7 8. exd5 exd5 9. O-O Be7 10. Be2 O-O 11. Bf3 Be6 12. Re1 Qd7 13. Bf4 Nxd4 14. Qxd4 a6 15. Rad1 Rfd8 16. h3 Rac8 17. Be5 Rc4 18.
Qd2 h6 19. Ne2 Qc8 20. c3 Ne4 21. Bxe4 dxe4 22. Qe3 f5 23. Qg3 Bf8 24. Nf4 Bf7 25. Ng6 Bxg6 26. Qxg6 Rxd1 27. Rxd1 Rc6 28. Qg3 Qe8 29.
Bd4 Qf7 30. f3 f4 31. Qe1 e3 32. Qe2 Re6 33. Qd3 Be7 34. Re1 Bh4 35. Re2 Bf2+ 36. Kf1 Qe7 37. b4 b5 38. Qf5 Qf7 39. Qxf7+ Kxf7 40.
Rc2 Rc6 41. Ke2 Rc4 42. Kd3 g5 43. Ke4 Be1 44. Re2 Bxc3 0-1

[Event "Late-Titled-Tuesday-Blitz-October-03-2023"]
[Site "Chess.com"]
[Date "2023.10.03"]
[Round "5"]
[White "ContrVersia"]
[Black "SaqoChess_Twitch"]
[Result "1-0"]
[WhiteElo "2876"]
[BlackElo "2635"]
[TimeControl "180+1"]
[EndTime "14:54:01 PDT"]
[Termination "ContrVersia won by checkmate"]

1. Nf3 d5 2. c4 e6 3. g3 Nf6 4. b3 Be7 5. Bg2 O-O 6. O-O c5 7. e3 Nc6 8. Bb2 d4 9. exd4 cxd4 10. Re1 Bc5 11. Na3 a5 12. Nb5 Re8 13. Ne5 Nxe5 14.
Rxe5 Nd7 15. Rxc5 Nxc5 16. Bxd4 Nd7 17. Nd6 Rf8 18. Nxb7 Bxb7 19. Bxb7 Rb8 20. Bg2 a4 21. c5 axb3 22. axb3 e5 23. Be3 Qc7 24. c6 Nb6 25. b4 Ra8 26. b5 Rxa1 27. Qxa1 Ra8 28. Qc1 Rb8 29. h4 h6 30. Qc5 f5 31. d4 f4 32. Bd2 fxg3 33. fxg3 Kh8 34. dxe5 Na4 35. Qd6 Qb6+ 36. Kh2 Qxb5 37. c7 Re8 38. Qc6 Qxc6 39.
Bxc6 Rc8 40. Bxa4 Rxc7 41. Bf4 Kg8 42. e6 Re7 43. Bd7 g5 44. hxg5 hxg5 45. Bxg5 Rh7+ 46.
Kg2 Kf8 47. e7+ Rxe7 48. Bxe7+ Kxe7 49. Bf5 Kf6 50. g4 Kg5 51. Kg3 Kf6 52. Kf4 Kg7 53. g5 Kf7 54. Ke5 Kg7 55. Ke6 Kg8 56. Kf6 Kh8 57. g6 Kg8 58. Be6+ Kh8 59. g7+ Kh7 60.
g8=Q+ Kh6 61. Qg6# 1-0

[Event "Late-Titled-Tuesday-Blitz-October-03-2023"]
[Site "Chess.com"]
[Date "2023.10.03"]
[Round "5"]
[White "lluiss"]
[Black "CarlosjPineror"]
[Result "0-1"]
[WhiteElo "2162"]
[BlackElo "2506"]
[TimeControl "180+1"]
[EndTime "14:54:01 PDT"]
[Termination "CarlosjPineror won on time"]

1. e4 c5 2. Nf3 e6 3. d4 cxd4 4. Nxd4 a6 5. g3 h5 6. h4 Nc6 7. Bg2 Qc7 8. Nc3 Nf6 9. Nb3 Ng4 10. Bf4 d6 11. Qd2 Be7 12. f3 Nf6 13. O-O-O Ne5 14. Bxe5 dxe5 15. a3 Bd7 16. Kb1 O-O-O 17. Qf2 Kb8 18.
Rd3 Bc6 19. Rhd1 Rxd3 20. Rxd3 Rd8 21. Qd2 Rxd3 22. Qxd3 Nd7 23. Bf1 g6 24. Qc4 b5 25.
Qd3 Nc5 26. Nxc5 Bxc5 27. Nd1 Qd6 28. Qxd6+ Bxd6 29. c3 f5 30. Bd3 Be7 31. Kc2 Be8 32. Nf2 f4 33. gxf4 exf4 34. Nh3 e5 35. Ng5 Bxg5 36.
hxg5 Bd7 37. Bf1 h4 38. Bg2 h3 39. Bh1 Kc7 40. b4 Be6 41. Kd2 Bc4 42. Ke1 Kb6 43.
Kf2 a5 44. Kg1 Be6 45. Kh2 a4 0-1

[Event "Late-Titled-Tuesday-Blitz-October-03-2023"]
[Site "Chess.com"]
[Date "2023.10.03"]
[Round "5"]
[White "Alexandr_Predke"]
[Black "Sanyura"]
[Result "1-0"]
[WhiteElo "2888"]
[BlackElo "2663"]
[TimeControl "180+1"]
[EndTime "14:54:02 PDT"]
[Termination "Alexandr_Predke won by resignation"]

1. d4 Nf6 2. Nf3 g6 3. Bg5 Bg7 4. Nbd2 d5 5. e3 O-O 6. Be2 c5 7. O-O b6 8. Re1 Nc6 9. c3 Bb7 10. a4 h6 11. Bh4 Ne4 12. Nxe4 dxe4 13. Nd2 cxd4 14. cxd4 Nb4 15. Qb3 a5 16. Rac1 Kh7 17. Red1 Bf6 18. Bg3 Rc8 19. Rc3 Nd3 20. Nxe4 Bxe4 21.
Bxd3 Rxc3 22. bxc3 Bxd3 23. Rxd3 Qd7 24. c4 Rc8 25. h3 Qc6 26. Rc3 Qe4 27. Qxb6 h5 28. f3 Qf5 29. Qb5 Qe6 30. Bf2 h4 31. c5 Qa2 32. Qc4 Qb1+ 33. Rc1 Qb2 34. c6 Kh6 35. f4 e6 36. e4 Kg7 37. d5 exd5 38. exd5 Rd8 39. c7 Rxd5 40. c8=Q Rd2 41. Q8c7 Rxf2 42. Q4xf7+ 1-0

[Event "Late-Titled-Tuesday-Blitz-October-03-2023"]
[Site "Chess.com"]
[Date "2023.10.03"]
[Round "5"]
[White "jimis98"]
[Black "lemures27"]
[Result "0-1"]
[WhiteElo "2686"]
[BlackElo "2459"]
[TimeControl "180+1"]
[EndTime "14:54:02 PDT"]
[Termination "lemures27 won by checkmate"]

1. d4 d5 2. c4 c6 3. Nf3 Nf6 4. e3 a6 5. Nc3 e6 6. Qc2 Nbd7 7. b3 Be7 8. Bd3 O-O 9. O-O h6 10. e4 dxe4 11. Nxe4 Nxe4 12. Bxe4 c5 13. Bb2 Qc7 14.
Qe2 Re8 15. Rac1 Nf6 16. Bb1 b6 17. Rfd1 Bb7 18. dxc5 bxc5 19. h3 Rad8 20. Ne5 Rxd1+ 21. Rxd1 Rd8 22. Ng4 Rxd1+ 23. Qxd1 Qf4 24. Be5 Qg5 25. f4 Qh4 26. Bxf6 Bxf6 27. Nxf6+ gxf6 28. Qd8+ Kg7 29. Qc7 Qe1+ 30. Kh2 Bxg2 31. Bg6 Kxg6 32. Kxg2 Qe2+ 33. Kg1 Qe3+ 34. Kg2 Qd2+ 35. Kg1 Qxa2 36. Qxc5 Qxb3 37. Qd4 Qb1+ 38. Kg2 Qc2+ 39. Kg3 Qb3+ 40. Kh4 f5 41. c5 Qc2 42. Kg3 h5 43. Qd6 Qc3+ 44. Kg2 a5 45.
c6 a4 46. c7 a3 47. Qd8 a2 48. Qg8+ Kh6 49. Qf8+ Qg7+ 50. Qxg7+ Kxg7 51. c8=Q a1=Q 52. Qc7 Qd4 53. Kg3 Qe3+ 54. Kh4 Qf2+ 55. Kxh5 Qg3 56. Qe5+ Kg8 57. Kh6 Qg6# 0-1

[Event "Late-Titled-Tuesday-Blitz-October-03-2023"]
[Site "Chess.com"]
[Date "2023.10.03"]
[Round "5"]
[White "I_am_Javi"]
[Black "aistrel"]
[Result "1/2-1/2"]
[WhiteElo "2747"]
[BlackElo "2535"]
[TimeControl "180+1"]
[EndTime "14:54:03 PDT"]
[Termination "Game drawn by repetition"]

1. e4 c6 2. d4 d5 3. e5 Bf5 4. c4 e6 5. Nc3 Bb4 6. Nf3 Ne7 7. a3 Bxc3+ 8. bxc3 O-O 9. Nh4 c5 10.
Nxf5 Nxf5 11. Bd3 dxc4 12. Bxf5 exf5 13. d5 Nd7 14. f4 Nb6 15. d6 Qh4+ 16. g3 Qh3 17.
Kf2 Rfe8 18. Be3 f6 19. Bxc5 fxe5 20. Bxb6 axb6 21. Qd5+ Kh8 22. fxe5 f4 23. gxf4 Rf8 24. Qf3 Qh4+ 25. Ke3 g5 26. f5 Rae8 27. e6 Rxe6+ 28. fxe6 Rxf3+ 29. Kxf3 Qh3+ 30. Kf2 Qf5+ 31. Kg2 Qg4+ 32.
Kf2 Qf4+ 33. Ke2 Qe5+ 34. Kf2 Qf4+ 35. Kg2 Qg4+ 36. Kf2 Qf5+ 37. Kg3 Qf4+ 38. Kg2 Qd2+ 39. Kf3 Qxc3+ 40. Kg4 Qd4+ 41. Kxg5 Qe5+ 42. Kh4 Qf4+ 43. Kh3 Qf3+ 44. Kh4 Qf4+ 45. Kh5 Qf5+ 46. Kh4 Qf4+ 1/2-1/2